 Dungeon Crawl Stone Soup version 0.25-a0-1137-g7f6bfe439b (webtiles) character file.

Game seed: 13734253529125277189, levelgen mode: deterministic

8397 Flugkiller the Fighter (level 11, -2/80 HPs)
             Began as an Octopode Fighter on May 23, 2020.
             Was a High Priest of Okawaru.
             Killed from afar by an electric eel (12 damage)
             ... with a bolt of electricity
             ... in a bailey.
             The game lasted 00:21:31 (11313 turns).

Flugkiller the Fighter (Octopode Fighter)          Turns: 11313, Time: 00:21:32

Health: -2/80      AC:  2    Str: 22    XL:     11   Next: 30%
Magic:  22/22      EV: 15    Int: 17    God:    Okawaru [*****.]
Gold:   609        SH: 12    Dex: 14    Spells: 10/10 levels left

rFire    . . .     SeeInvis +   r - +7 long sword of Irritation {pain, Str+6 SInv}
rCold    . . .     Gourm    .   b - +0 kite shield
rNeg     + . .     Faith    +   i - +1 hat
rPois    .         Spirit   .   v - amulet of faith
rElec    .         Reflect  .   q - ring of magical power
rCorr    .         Harm     .   E - ring of positive energy
MR       .....                  K - +6 ring of intelligence
Stlth    ++++......             (no ring)
HPRegen  0.23/turn              (no ring)
MPRegen  0.18/turn              (no ring)
                                (no ring)
                                (no ring)

@: no status effects
A: almost no armour, stealthy swim, amphibious, 8 rings, constrict 8, camouflage
1, gelatinous body 1
a: Heroism, Finesse, Renounce Religion


You were in a bailey.
You worshipped Okawaru.
Okawaru was extremely pleased with you.
You were not hungry.

You visited 2 branches of the dungeon, and saw 11 of its levels.
You also visited: Sewer and Bailey.

You collected 609 gold pieces.

Inventory:

Hand Weapons
 r - the +7 long sword of Irritation (weapon) {pain, Str+6 SInv}
   (You found it on level 7 of the Dungeon)

   In the hands of one skilled in necromantic magic, it inflicts extra damage on
   living creatures.
   It affects your strength (+6).
   It lets you see invisible.
Missiles
 j - 7 atropa-tipped darts
 l - 462 stones
 w - 7 boomerangs
 y - 2 throwing nets
 J - 5 javelins (quivered)
Armour
 b - a +0 kite shield (worn)
 i - a +1 hat (worn)
   (You found it on level 1 of the Dungeon)
Jewellery
 p - an uncursed ring of fire
   (You found it on level 3 of the Dungeon)
 q - a ring of magical power (left tentacle)
   (You found it on level 2 of the Dungeon)
 v - an amulet of faith (around mantle)
   (You took it off an orc on level 4 of the Dungeon)
 C - an uncursed amulet of the acrobat
   (You found it on level 6 of the Dungeon)
 E - a ring of positive energy (right tentacle)
   (You found it in a sewer)
 K - a +6 ring of intelligence (on tentacle)
   (You took it off an orc wizard on level 8 of the Dungeon)
Wands
 a - a wand of acid (6)
   (You found it on level 9 of the Dungeon)
 m - a wand of enslavement (8)
   (You found it on level 2 of the Dungeon)
 n - a wand of clouds (4)
   (You found it on level 7 of the Dungeon)
 M - a wand of polymorph (6)
   (You found it on level 10 of the Dungeon)
Scrolls
 e - 7 scrolls of remove curse
 f - a scroll of immolation
 s - a scroll of enchant weapon
 A - 2 scrolls of enchant armour
 D - a scroll of acquirement
 I - 2 scrolls of identify
 L - a scroll of holy word
Potions
 c - 2 potions of might
 g - 2 potions of cancellation
 h - 7 potions of curing
 k - 3 potions of stabbing
 t - a potion of haste
 x - 2 potions of berserk rage
 z - a potion of brilliance
 B - a potion of mutation
 F - a potion of heal wounds
 G - 2 potions of lignification
 H - 3 potions of flight
Comestibles
 d - 16 rations
 u - 7 chunks of flesh


   Skills:
 + Level 9.1 Fighting
 - Level 9.0 Long Blades
 + Level 4.1 Throwing
 - Level 6.0 Dodging
 + Level 6.8 Stealth
 + Level 9.1 Shields
 - Level 3.0 Invocations


You had 10 spell levels left.
You didn't know any spells.
Your spell library contained the following spells:

 Spells                   Type           Power        Failure   Level  Hunger
 Animate Skeleton         Necr           N/A          45%         1    ##.....
 Apportation              Tloc           #.....       45%         1    ##.....
 Corona                   Hex            #......      45%         1    ##.....
 Summon Small Mammal      Summ           #...         45%         1    ##.....


Dungeon Overview and Level Annotations

Branches:
Dungeon (10/15)            Temple (1/1) D:6            Lair (0/6) D:8
    Orc (0/2) D:10          Sewer (visited)          Bailey (1/1)

Altars:
Ashenzari
Cheibriados
Dithmenos
Elyvilon
Fedhas
Gozag
Hepliaklqana
Kikubaaqudgha
Makhleb
Nemelex Xobeh
Okawaru
Qazlal
Ru
Sif Muna
Trog
Uskayaw
Vehumet
Wu Jian
Xom
Yredelemnul
Zin
The Shining One
Beogh

Annotations:
D:2 exclusion: adder
D:8 2 runed translucent doors, Amnesiac's ghost, novice MfSk


Innate Abilities, Weirdness & Mutations

You cannot wear most types of armour.
You are very stealthy in the water. (Stealth+)
You are amphibious.
You can wear up to eight rings at the same time.
You can use your tentacles to constrict eight enemies at once.
Your skin changes colour to match your surroundings (Stealth+).
Your rubbery body absorbs attacks. (AC +1, EV +1)


Message History

Okawaru accepts your kill.
Things that are here:
a +0 war axe; a +0 ring mail; an orc corpse The helpless hobgoblin fails to defend itself.
You slash the hobgoblin!
You kill the hobgoblin!
Okawaru accepts your kill.
No target in view!
Things that are here:
a +0 hand axe; a +0 leather armour There isn't anything to butcher here.
Things that are here:
a +0 war axe; a +0 ring mail; an orc corpse You butcher the orc corpse.
u - 7 chunks of flesh (gained 1)
Things that are here:
a +0 war axe; a +0 ring mail; an orc skeleton You open the door.
Found a scroll of acquirement.
There is an open door here.
D - a scroll of acquirement
There is an open door here.
Things that are here:
a +0 war axe; a +0 ring mail; an orc skeleton
There is an open door here. 2 electric eels come into view.
The electric eel shoots out a bolt of lightning at you!
The bolt of electricity hits you!
An electric eel comes into view.
The electric eel shoots out a bolt of lightning at you!
The bolt of electricity hits you!
The electric eel shoots out a bolt of lightning at you!
The bolt of electricity hits you!
The electric eel shoots out a bolt of lightning at you!
The bolt of electricity hits you!
* * * LOW HITPOINT WARNING * * *
The electric eel shoots out a bolt of lightning at you!
The bolt of electricity hits you!
* * * LOW HITPOINT WARNING * * *
As you read the scroll of fog, it crumbles to dust.
The scroll dissolves into smoke.
The electric eel shoots out a bolt of lightning at you!
The bolt of electricity hits you!
* * * LOW HITPOINT WARNING * * *
The electric eel shoots out a bolt of lightning at you!
The bolt of electricity hits you!
* * * LOW HITPOINT WARNING * * *
The electric eel shoots out a bolt of lightning at you!
The bolt of electricity hits you!
You die...

≈≈≈≈≈≈≈≈≈≈≈≈≈≈≈≈≈
≈≈≈≈≈≈≈≈≈≈≈≈≈≈≈≈≈≈≈≈≈≈≈≈≈≈
≈≈≈≈≈≈≈≈≈≈≈≈≈≈≈≈≈≈≈≈≈≈≈≈≈≈
≈≈≈≈≈≈≈≈≈≈≈≈≈≈≈≈≈≈≈≈≈≈≈;≈≈
≈≈≈≈≈≈≈≈≈≈≈≈≈≈≈≈≈≈≈≈≈≈≈;≈≈
≈≈≈≈≈≈≈≈≈≈≈≈≈≈≈≈≈≈≈≈≈≈≈≈≈≈
≈≈≈≈≈≈≈≈≈≈≈≈≈≈§§§§§≈≈≈;≈≈≈
≈≈≈######≈≈≈≈≈§§§§≈≈≈≈#
≈≈≈#.#..'.....§§@§§...+
≈≈≈#'#..#######+#######
≈≈≈#))..# ≈≈≈#....# #≈≈≈≈≈
≈≈≈###### ###≈≈≈≈≈
≈≈≈≈.#))# #.≈≈≈≈≈≈
≈≈≈≈.#))# #.≈≈≈≈≈.
≈≈≈≈.#..# #.≈≈≈≈≈.
≈≈≈≈.#..# #.≈≈≈≈≈.


You could see 3 electric eels.

Vanquished Creatures
  2 two-headed ogres
  An unseen horror (D:8)
  An orc knight (Bailey)
  Pikel (D:7)
  Psyche (D:9)
  A hippogriff (D:10)
  A hornet (D:10)
  2 humans (D:8)
  4 orc warriors
  3 ice beasts
  2 black bears (D:7)
  3 phantoms
  2 slaves (D:7)
  4 sky beasts
  A centaur (D:8)
  6 ogres
  2 crocodiles
  6 bullfrogs
  A wyvern zombie (D:8)
  2 scorpions
  An electric eel (Bailey)
  5 howler monkeys
  A crimson imp (D:6)
  A centaur zombie (D:6)
  A quasit (D:8)
  5 hounds
  6 jellies
  8 orc wizards
  A gnoll shaman (D:7)
  7 orc priests
  A bullfrog skeleton (D:6)
  2 centaur skeletons
  Natasha (thrice) (D:4)
  6 worker ants
  A hound zombie (D:6)
  A worker ant zombie (D:10)
  3 gnolls (D:7)
  10 adders
  2 shadow imps
  5 oozes (D:10)
  2 adder skeletons
  2 adder zombies
  A worm (D:5)
  A dart slug (D:2)
  3 leopard geckos
  37 orcs
  3 bats (D:1)
  9 giant cockroaches
  5 goblins
  9 hobgoblins
  24 jackals
  4 quokkas
  2 frilled lizards (D:1)
  6 kobolds
  A quokka zombie (D:6)
  8 rats
233 creatures vanquished.

Vanquished Creatures (others)
  A bullfrog (D:7)
1 creature vanquished.

Grand Total: 234 creatures vanquished

Notes
Turn   | Place    | Note
-------+----------+-------------------------------------------
     0 | D:1      | Flugkiller the Octopode Fighter began the quest for the
                  | Orb.
     0 | D:1      | Reached XP level 1. HP: 16/16 MP: 1/1
   112 | D:1      | Reached skill level 1 in Stealth
   265 | D:1      | Reached XP level 2. HP: 20/21 MP: 2/2
   490 | D:1      | Reached XP level 3. HP: 26/26 MP: 3/3
  1161 | D:2      | Found a snail-covered altar of Cheibriados.
  1273 | D:2      | Reached XP level 4. HP: 25/31 MP: 4/4
  1478 | D:2      | Found a glowing silver altar of Zin.
  2069 | D:3      | Found an opulent altar of Gozag.
  2830 | D:4      | Noticed Natasha
  2862 | D:4      | Killed Natasha
  2862 | D:4      | Reached XP level 5. HP: 24/36 MP: 5/5
  3154 | D:4      | Reached skill level 5 in Long Blades
  3201 | D:4      | Reached XP level 6. HP: 33/42 MP: 6/6
  3496 | D:4      | Noticed Natasha
  3577 | D:4      | Killed Natasha
  3688 | D:4      | Noticed Natasha
  3695 | D:4      | Killed Natasha
  3968 | D:4      | Reached XP level 7. HP: 45/46 MP: 7/7
  4027 | D:5      | Entered Level 5 of the Dungeon
  4827 | D:5      | Reached XP level 8. HP: 48/52 MP: 8/8
  5297 | D:6      | Found a glowing drain.
  5326 | Sewer    | Entered a sewer
  5507 | D:6      | Found a burning altar of Makhleb.
  5685 | D:6      | Found a staircase to the Ecumenical Temple.
  5694 | Temple   | Entered the Ecumenical Temple
  5937 | D:6      | Found a white marble altar of Elyvilon.
  6260 | D:7      | Got a smoking long sword
  6261 | D:7      | Identified the +7 long sword of Irritation {pain, Str+6
                  | SInv} (You found it on level 7 of the Dungeon)
  6907 | D:7      | Reached XP level 9. HP: 59/59 MP: 9/9
  6908 | D:7      | Noticed Pikel
  6953 | D:7      | Killed Pikel
  6953 | D:7      | Reached skill level 5 in Fighting
  6953 | D:7      | Reached skill level 5 in Dodging
  6953 | D:7      | Reached skill level 5 in Shields
  7712 | D:8      | Found a shadowy altar of Dithmenos.
  7747 | D:8      | Found an iron altar of Okawaru.
  7768 | D:8      | Became a worshipper of Warmaster Okawaru
  7895 | D:8      | Found a shimmering altar of Xom.
  7897 | D:8      | Found a shattered altar of Ashenzari.
  8584 | D:8      | Found a burning altar of Makhleb.
  8594 | D:8      | Noticed an unseen horror
  8607 | D:8      | Killed an unseen horror
  8607 | D:8      | Reached * piety under Okawaru
  8607 | D:8      | Reached XP level 10. HP: 41/71 MP: 10/10
  8790 | D:8      | Found a staircase to the Lair.
  8842 | D:8      | Found a large runed translucent door.
  8842 | D:8      | Found a large runed translucent door.
  9110 | D:8      | Found a glowing silver altar of Zin.
  9193 | D:8      | Found a radiant altar of Vehumet.
  9194 | D:8      | Found a hide-covered altar of Uskayaw.
  9229 | D:8      | Noticed Amnesiac's ghost (novice MfSk)
  9390 | D:9      | Noticed a two-headed ogre
  9397 | D:9      | Noticed Psyche
  9404 | D:9      | Killed Psyche
  9406 | D:9      | Killed a two-headed ogre
  9406 | D:9      | Reached ** piety under Okawaru
  9406 | D:9      | Reached skill level 1 in Throwing
  9406 | D:9      | Reached skill level 1 in Invocations
  9524 | D:9      | Reached *** piety under Okawaru
  9539 | D:9      | Found a hazy altar of Hepliaklqana.
 10148 | D:9      | Got a shimmering whip
 10389 | D:10     | Entered Level 10 of the Dungeon
 10484 | D:10     | Reached skill level 5 in Stealth
 10623 | D:10     | Found a roughly hewn altar of Beogh.
 10661 | D:10     | Found a staircase to the Orcish Mines.
 10686 | D:10     | Reached XP level 11. HP: 75/78 MP: 13/13
 10800 | D:10     | Noticed a two-headed ogre
 10809 | D:10     | Killed a two-headed ogre
 10809 | D:10     | Reached **** piety under Okawaru
 10903 | D:10     | Noticed a two-headed ogre
 10906 | D:10     | Reached ***** piety under Okawaru
 10984 | D:10     | Found a flagged portal.
 10995 | Bailey   | Entered a bailey
 11127 | Bailey   | Noticed an orc knight
 11134 | Bailey   | Killed an orc knight
 11134 | Bailey   | Received a gift from Okawaru
 11313 | Bailey   | Killed from afar by an electric eel

Illustrated notes

Levels and vault maps discovered:
D:1:      minmay_arrival_cross, layout_basic
D:2:      layout_loops_corners, old_standard_altar, minmay_misc_feat_cross,
          kennysheep_slug_shrine
D:3:      layout_basic, grunt_gozag_breadcrumbs, first_ration,
          kennysheep_cross_room
D:4:      layout_cave_pools, uniq_natasha
D:5:      layout_basic
D:6:      layout_rooms, minmay_temple_entry_grid, basic_altar,
          gup_sewer_entry_glass, elyvilon_altar_3
D:7:      layout_basic, uniq_pikel
D:8:      layout_basic, makhleb_heckhound_becter,
          nicolae_overflow_hidden_temple, kennysheep_mini, okawaru_humans,
          lair_entry_dummy, basic_altar, ebering_ghost_disaster_area
D:9:      layout_cave_pools, lemuel_coloured_pillars_altar, uniq_psyche
D:10:     layout_roguey, david_orc_5, enter_bailey_2,
          hangedman_little_slice_of_home
Temple:   minmay_temple_curvy_loop
Bailey:   bailey_axe_of_yendor_kennysheep, bailey

Skill      XL: |  1  2  3  4  5  6  7  8  9 10 11 |
---------------+----------------------------------+-----
Stealth        | 2 3 5 6 |  6.8
Long Blades    | 3 4 5 6 8 9 |  9.0
Fighting       | 4 7 8 9 |  9.1
Dodging        | 4 6 |  6.0
Shields        | 4 7 8 9 |  9.1
Throwing       | 3 4 |  4.1
Invocations    | 3 |  3.0

Action                   |  1- 3 |  4- 6 |  7- 9 | 10-12 || total
-------------------------+-------+-------+-------+-------++-------
Melee: Long sword        |    56 |    75 |   231 |   158 ||   520
       Constrict         |    16 |    28 |    40 |    26 ||   110
       Tentacles         |     6 |    25 |    49 |    46 ||   126
       Punch             |       |       |       |     1 ||     1
Throw: Stone             |     8 |    29 |       |       ||    37
       Dart              |       |       |     1 |       ||     1
       Boomerang         |       |       |     7 |     2 ||     9
       Javelin           |       |       |       |     5 ||     5
Invok: Heroism           |       |       |       |     6 ||     6
  Use: Scroll            |     3 |     6 |    10 |     7 ||    26
       Potion            |       |       |     1 |     1 ||     2
 Stab: Sleeping          |     8 |     7 |    12 |     7 ||    34
       Distracted        |       |     1 |       |     1 ||     2
  Eat: Chunk             |     1 |     5 |    10 |     7 ||    23
       Ration            |       |     1 |     2 |       ||     3
Armor: Skin              |     5 |     6 |    13 |     8 ||    32
Dodge: Dodged            |    24 |    28 |    76 |    65 ||   193
Block: Kite shield       |    17 |    18 |    83 |    81 ||   199
       Rpst.: Long sword |     6 |    16 |    19 |    17 ||    58

Table legend:
 A = Non-vault XP
 B = Vault XP
 C = Vault XP percentage of total XP
 D = Non-vault monster count
 E = Vault monster count
 F = Vault count percentage of total count
                 A         B        C        D         E       F
            +---------+---------+-------+---------+---------+-------
      Total |    8680 |    3316 |  27.6 |     177 |      54 |  23.4
            +---------+---------+-------+---------+---------+-------
        D:1 |      51 |       0 |   0.0 |      30 |       0 |   0.0
        D:2 |      33 |       4 |  10.8 |       6 |       1 |  14.3
        D:3 |      55 |       0 |   0.0 |      15 |       0 |   0.0
        D:4 |     445 |      35 |   7.3 |      22 |       1 |   4.3
        D:5 |     719 |       0 |   0.0 |      19 |       0 |   0.0
        D:6 |     742 |      29 |   3.8 |      18 |       3 |  14.3
        D:7 |     855 |     651 |  43.2 |      19 |       1 |   5.0
        D:8 |    1453 |     418 |  22.3 |      17 |       3 |  15.0
        D:9 |    1834 |     434 |  19.1 |      15 |       1 |   6.2
       D:10 |    2493 |     616 |  19.8 |      16 |      31 |  66.0
      Sewer |       0 |     115 | 100.0 |       0 |       6 | 100.0
     Bailey |       0 |    1014 | 100.0 |       0 |       7 | 100.0
            +---------+---------+-------+---------+---------+-------
